 Dungeon Crawl Stone Soup version 0.27-a0-59-gfbafd837a3 (webtiles) character file.

Game seed: 123223409233711621

2706 kae the Martial Artist (level 9, -5/91 HPs)
             Began as an Octopode Transmuter on Jan 7, 2021.
             Was a Believer of Ru.
             Slain by a quicksilver dragon zombie (9 damage)
             ... on level 1 of the Abyss on Jan 8, 2021.
             The game lasted 00:06:47 (9919 turns).

kae the Martial Artist (Octopode Transmuter)        Turns: 9919, Time: 00:06:48

Health: -5/91      AC: 24    Str: 18    XL:     9   Next: 65%
Magic:  21/22      EV:  2    Int: 15    God:    Ru [**....]
Gold:   422        SH:  0    Dex: 13    Spells: 6/14 levels left

rFire    x . .     SeeInvis .   d - +3 whip (vamp)
rCold    x . .     Faith    .   (no shield)
rNeg     + + +     Spirit   .   (helmet currently unavailable)
rPois    +         Reflect  .   (no amulet)
rElec    .         Harm     .   (no ring)
rCorr    .         Rampage  .   c - ring of magical power
Will     +....     NoTele   +   q - ring "Arphioch" {rPois Will+}
Stlth    +.........             u - +6 ring of strength
HPRegen  0.25/turn              (no ring)
MPRegen  0.18/turn              (no ring)
                                (no ring)
                                (no ring)

@: tree-form
A: almost no armour, stealthy swim, (amphibious), 8 rings, (constrict 8),
temperature sensitive
a: Renounce Religion


You were on level 1 of the Abyss.
You worshipped Ru.
Ru was pleased with you.
You were a tree.
You visited 2 branches of the dungeon, and saw 8 of its levels.
You visited the Abyss 1 time.
You also visited: Bailey.

You collected 422 gold pieces.

Inventory:

Hand Weapons
 d - a +3 vampiric whip (weapon)
Armour
 k - a +2 hat of intelligence (melded)
Jewellery
 c - a ring of magical power (right branch)
 q - the ring "Arphioch" (on tentacle) {rPois Will+}
   (You found it on level 4 of the Dungeon)

   [ring of poison resistance]

   It protects you from poison.
   It affects your willpower, your defense against some magical effects.
 u - a +6 ring of strength (on tentacle)
Wands
 a - a wand of polymorph (6)
 n - a wand of digging (5)
 r - a wand of paralysis (2)
Scrolls
 e - 2 scrolls of teleportation
 i - 2 scrolls of blinking
 j - 5 scrolls of remove curse
 m - 2 scrolls of fog
 p - 3 scrolls of fear
 v - 2 scrolls of amnesia
 x - a scroll of magic mapping
Potions
 b - 2 potions of attraction
 f - 2 potions of flight
 h - a potion of mutation
 l - 2 potions of lignification
 o - a potion of haste {unknown}
 s - 2 potions of brilliance {unknown}
 t - a potion of invisibility {unknown}
 w - a potion of curing {unknown}


   Skills:
 + Level 5.6 Fighting
 + Level 5.9 Dodging
 * Level 8.6 Unarmed Combat
 - Level 3.0 Spellcasting
 + Level 6.0 Transmutations


You had 6 spell levels left.
You knew the following spells:

 Your Spells              Type           Power        Failure   Level
a - Beastly Appendage     Tmut           40%          1%          1
b - Spider Form           Tmut/Pois      5%           17%         3
c - Ice Form              Ice/Tmut       11%          50%         4

Your spell library contained the following spells:

 Spells                   Type           Power        Failure   Level
 Wereblood                Tmut           20%          2%          2
 Freeze                   Ice            8%           21%         1
 Magic Dart               Conj           8%           21%         1
 Searing Ray              Conj           4%           30%         2
 Blade Hands              Tmut           10%          43%         5
 Dazzling Flash           Conj/Hex       4%           52%         3
 Frozen Ramparts          Ice            4%           52%         3
 Ozocubu's Armour         Ice            2%           52%         3
 Fulminant Prism          Conj/Hex       1%           89%         4
 Hailstorm                Conj/Ice       2%           89%         4
 Iskenderun's Mystic Bla  Conj/Tloc      2%           89%         4
 Summon Ice Beast         Ice/Summ       2%           89%         4


Dungeon Overview and Level Annotations

Branches:
Dungeon (7/15)             Temple (1/1) D:4          Bailey (visited)

Altars:
Ashenzari
Cheibriados
Dithmenos
Elyvilon
Fedhas
Gozag
Hepliaklqana
Kikubaaqudgha
Makhleb
Nemelex Xobeh
Okawaru
Qazlal
Ru
Sif Muna
Trog
Uskayaw
Vehumet
Wu Jian
Xom
Yredelemnul
Zin
The Shining One

Annotations:
D:7 Joseph


Innate Abilities, Weirdness & Mutations

You cannot wear most types of armour.
You are very stealthy in the water. (Stealth+)
((You are amphibious.))
You can wear up to eight rings at the same time.
((You can use your tentacles to constrict eight enemies at once.))
((Your skin changes colour to match your surroundings (Stealth+).))
((Your rubbery body absorbs attacks. (AC +1, EV +1)))
You are sensitive to extremes of temperature. (rF-, rC-)


Message History

The quicksilver dragon zombie bites you.
* * * LOW HITPOINT WARNING * * *
The quicksilver dragon zombie claws you.
* * * LOW HITPOINT WARNING * * *
You closely miss the quicksilver dragon zombie.
The quicksilver dragon zombie is lightly damaged.
The quicksilver dragon zombie completely misses you.
The quicksilver dragon zombie barely misses you.
A chaos spawn comes into view.
The chaos spawn howls!
You hit the quicksilver dragon zombie but do no damage.
The quicksilver dragon zombie is lightly damaged.
The quicksilver dragon zombie is stunned by your conviction and fails to attack.
The quicksilver dragon zombie bites you but does no damage.
The quicksilver dragon zombie claws you but does no damage.
You barely miss the quicksilver dragon zombie.
The quicksilver dragon zombie is lightly damaged.
The quicksilver dragon zombie barely misses you.
The quicksilver dragon zombie claws you!
You die...

#...
.#...
.......
.#.. .
#..#
#4# #.#
##.#
#.Z#
##♣#
###


You could see a chaos spawn and a quicksilver dragon zombie.

Vanquished Creatures
  Prince Ribbit (D:5)
  A shadow (D:7)
  A water moccasin (D:5)
  2 orc warriors (D:7)
  A black bear (D:7)
  A sky beast (D:5)
  Blork the orc (D:6)
  A big kobold (D:7)
  6 bullfrogs
  4 scorpions
  An electric eel (D:7)
  3 howler monkeys
  A bullfrog zombie (D:7)
  5 hounds
  6 orc wizards
  6 orc priests
  A bullfrog skeleton (D:7)
  A centaur skeleton (D:4)
  9 worker ants
  2 adders (D:3)
  A howler monkey skeleton (D:4)
  3 shadow imps
  A white imp (Abyss:1)
  2 oozes
  An adder skeleton (D:4)
  5 worms
  A dart slug (D:2)
  5 leopard geckos
  24 orcs
  2 ball pythons
  9 bats
  3 giant cockroaches
  5 goblins
  5 hobgoblins
  11 jackals
  9 kobolds
  7 frilled lizards
  A quokka skeleton (D:4)
  2 rats (D:2)
151 creatures vanquished.

Notes
Turn   | Place    | Note
-------+----------+-------------------------------------------
     0 | D:1      | kae the Octopode Transmuter began the quest for the Orb.
     0 | D:1      | Reached XP level 1. HP: 13/13 MP: 3/3
   139 | D:1      | Reached XP level 2. HP: 17/18 MP: 3/5
  1062 | D:2      | Reached XP level 3. HP: 23/23 MP: 6/6
  1831 | D:3      | Noticed a scorpion
  1840 | D:3      | Killed a scorpion
  1841 | D:3      | Reached XP level 4. HP: 18/29 MP: 7/7
  1842 | D:3      | Reached skill level 4 in Unarmed Combat
  2388 | D:3      | Reached XP level 5. HP: 13/34 MP: 6/8
  2617 | D:3      | Found a faded altar of an unknown god.
  2645 | D:3      | Learned a level 3 spell: Spider Form
  3271 | D:4      | Got a brightly glowing wooden ring
  3297 | D:4      | Learned a level 4 spell: Ice Form
  3513 | D:3      | Reached XP level 6. HP: 27/39 MP: 10/10
  3822 | D:4      | Found a burning altar of Makhleb.
  4055 | D:4      | Upgraded the game from 0.27-a0-54-g64bdb92e38 to
                  | 0.27-a0-59-gfbafd837a3
  4356 | D:4      | Found a staircase to the Ecumenical Temple.
  4367 | D:4      | Reached skill level 5 in Unarmed Combat
  4373 | Temple   | Entered the Ecumenical Temple
  4700 | Temple   | Became a worshipper of Ru the Awakened
  4915 | D:5      | Entered Level 5 of the Dungeon
  4936 | D:5      | Reached XP level 7. HP: 36/45 MP: 9/11
  4994 | D:5      | Found a snail-covered altar of Cheibriados.
  5105 | D:5      | Found a white marble altar of Elyvilon.
  5194 | D:5      | Found a broken altar of Ashenzari.
  5758 | D:5      | Noticed Prince Ribbit
  6192 | D:5      | Reached skill level 6 in Unarmed Combat
  6247 | D:5      | Reached XP level 8. HP: 44/53 MP: 12/12
  6630 | D:5      | Killed Prince Ribbit
  6710 | D:5      | Identified the ring "Arphioch" {rPois Will+} (You found it
                  | on level 4 of the Dungeon)
  6722 | D:5      | Identified a scroll of acquirement
  6722 | D:5      | Acquired a +0 hat of intelligence
  6792 | D:6      | Found a shimmering altar of Xom.
  6876 | D:6      | Gained mutation: You are sensitive to extremes of
                  | temperature. (rF-, rC-) [Ru sacrifice]
  6876 | D:6      | Reached * piety under Ru
  6876 | D:6      | Reached ** piety under Ru
  7468 | D:6      | Reached skill level 7 in Unarmed Combat
  7589 | D:6      | Noticed Blork the orc
  7597 | D:6      | Killed Blork the orc
  7655 | D:6      | Reached skill level 5 in Transmutations
  7841 | D:6      | Reached skill level 5 in Dodging
  8092 | D:7      | Found a flagged portal.
  8134 | Bailey   | Entered a bailey
  8142 | Bailey   | Noticed an orc knight
  8332 | D:7      | Reached XP level 9. HP: 59/59 MP: 13/13
  8494 | D:7      | Noticed Joseph
  8546 | D:7      | Reached skill level 5 in Fighting
  8566 | D:7      | Reached skill level 8 in Unarmed Combat
  9720 | D:7      | Cast into level 1 of the Abyss (Joseph)
  9916 | Abyss:1  | HP: 3/91 [quicksilver dragon zombie (4)]
  9919 | Abyss:1  | Slain by a quicksilver dragon zombie

Illustrated notes

Levels and vault maps discovered:
D:1:      moated_graveyard_arrival, layout_basic
D:2:      layout_loops_ring
D:3:      layout_loops_ring, chequers_ecumenical_altar_simple_redux
D:4:      layout_rooms, minmay_temple_entry_trees, bloody_makhleb
D:5:      layout_loops_ring, slow_altar_1, nicolae_overflow_hidden_temple,
          elyvilon_altar_1, minmay_misc_feat_plants, uniq_prince_ribbit1
D:6:      layout_loops_ring, lemuel_doored_altar, uniq_blork_the_orc
D:7:      layout_loops_ring, enter_bailey_1, kennysheep_donut, minmay_between,
          uniq_joseph
Temple:   eino_narrow_crystal_temple
Abyss:1:  base: D:5, guppyfry_abyss_exit_imp_island, hangedman_decor_peaks_small

Skill      XL: |  1  2  3  4  5  6  7  8  9 |
---------------+----------------------------+-----
Unarmed Combat | 4 5 6 7 8 |  8.6
Fighting       | 2 3 4 5 |  5.6
Dodging        | 3 4 5 |  5.9
Transmutations | 3 4 5 6 |  6.0
Spellcasting   | 3 |  3.0

Action                   |  1- 3 |  4- 6 |  7- 9 || total
-------------------------+-------+-------+-------++-------
Melee: Unarmed           |    10 |       |    32 ||    42
       Constrict         |    20 |    27 |    62 ||   109
       Kick              |     6 |    17 |    81 ||   104
       Whip              |    66 |    92 |   209 ||   367
       Tentacles         |     9 |    11 |    52 ||    72
       Punch             |       |     2 |    13 ||    15
 Cast: Beastly Appendage |    24 |    16 |    34 ||    74
       Spider Form       |       |       |     4 ||     4
Invok: Sacrifice Resista |       |       |     1 ||     1
  Use: Scroll            |       |       |    22 ||    22
       Potion            |       |       |     5 ||     5
 Stab: Sleeping          |     6 |     5 |     5 ||    16
Armor: Skin              |    12 |     5 |    17 ||    34
Dodge: Dodged            |    63 |    62 |   186 ||   311

Table legend: (Time is in decaauts)
 A = Elapsed time spent in this place.
 B = Non-inter-level travel time spent in this place.
 C = Inter-level travel time spent in this place.
 D = Time resting spent in this place.
 E = Time spent auto-exploring this place.
 F = Levels seen in this place.
 G = Mean time per level.
                   A        B        C        D        E       F      G
               +--------+--------+--------+--------+--------+-----+--------+
         Total |   9950 |   9688 |    262 |   1220 |   7247 |  10 |  995.0 |
       Dungeon |   9405 |   9167 |    238 |   1051 |   6939 |   7 | 1343.6 |
        Temple |    333 |    310 |     23 |      0 |    308 |   1 |  333.0 |
         Abyss |    198 |    198 |      0 |    169 |      0 |   1 |  198.0 |
        Bailey |     11 |     11 |      0 |      0 |      0 |   1 |   11.0 |
               +--------+--------+--------+--------+--------+-----+--------+

Top non-repeatable levels by time:
     D:3: 1868 daAuts
     D:5: 1846 daAuts
     D:7: 1639 daAuts
     D:6: 1322 daAuts
     D:1: 1047 daAuts
     D:4: 925 daAuts
     D:2: 757 daAuts
  Temple: 333 daAuts
 Abyss:1: 198 daAuts
  Bailey: 11 daAuts
